 Dungeon Crawl Stone Soup version 0.27-a0-1321-gd358eaa319 (webtiles) character file.

Game seed: 8412794196226437053

216 MacCMillion the Stinger (level 5, -2/38 HPs)
             Began as a Draconian Venom Mage on June 22, 2021.
             Slain by an orc (5 damage)
             ... on level 4 of the Dungeon.
             The game lasted 00:29:52 (4973 turns).

MacCMillion the Stinger (Draconian Venom Mage)      Turns: 4973, Time: 00:29:53

Health: -2/38      AC:  6    Str: 10    XL:     5   Next: 61%
Magic:  8/8        EV: 12    Int: 16    God:
Gold:   213        SH:  0    Dex: 12    Spells: 5/8 levels left

rFire    . . .     SeeInvis .   g - +0 dagger
rCold    . . .     Faith    .   (no shield)
rNeg     . . .     Spirit   .   (armour unavailable)
rPois    .         Reflect  .   (helmet restricted)
rElec    .         Harm     .   i - +0 cloak
rCorr    .         Rampage  .   (no gloves)
Will     .....                  (no boots)
Stlth    ++........             (no amulet)
HPRegen  0.12/turn              (no ring)
MPRegen  0.11/turn              (no ring)

@: no status effects
A: AC +5, unfitting armour, cold-blooded
a: no special abilities


You were on level 4 of the Dungeon.
You visited 1 branch of the dungeon, and saw 4 of its levels.

You collected 213 gold pieces.

Inventory:

Hand Weapons
 g - a +0 dagger (weapon)
Missiles
 e - 121 stones
 k - 7 poisoned darts
Armour
 i - a +0 cloak (worn)
Jewellery
 n - a ring of resist corrosion
 o - a ring of wizardry
Wands
 s - a wand of iceblast (4)
Scrolls
 b - a scroll of identify
 c - a scroll of magic mapping {unknown}
 d - 2 scrolls of teleportation {unknown}
 f - 3 scrolls of immolation
 j - a scroll of torment {unknown}
 l - a scroll of fear {unknown}
 p - a scroll of blinking {unknown}
 q - a scroll of fog {unknown}
 t - a scroll of enchant weapon {unknown}
Potions
 a - a potion of berserk rage
 h - 2 potions of flight
 m - a potion of degeneration {unknown}
 r - a potion of ambrosia {unknown}


   Skills:
 - Level 1.7 Dodging
 - Level 1.9 Stealth
 - Level 2.1 Spellcasting
 - Level 3.0 Transmutations
 * Level 5.5 Poison Magic


You had 5 spell levels left.
You knew the following spells:

 Your Spells              Type           Power      Damage    Failure   Level
a - Sting                 Tmut/Pois      60%        1d6       3%          1
b - Poisonous Vapours     Pois/Air       20%        N/A       10%         2

Your spell library contained the following spells:

 Spells                   Type           Power      Damage    Failure   Level
 Ignite Poison            Fire/Tmut/Pois 10%        N/A       19%         3
 Corona                   Hex            1%         N/A       21%         1
 Magic Dart               Conj           4%         1d3       21%         1
 Olgreb's Toxic Radiance  Pois           19%        N/A       22%         4
 Mephitic Cloud           Conj/Pois/Air  7%         N/A       28%         3
 Ensorcelled Hibernation  Hex/Ice        2%         N/A       30%         2
 Searing Ray              Conj           2%         3d3       30%         2
 Confusing Touch          Hex            1%         N/A       52%         3
 Dazzling Flash           Conj/Hex       2%         N/A       52%         3
 Tukima's Dance           Hex            1%         N/A       52%         3
 Fulminant Prism          Conj/Hex       0%         3d6       90%         4
 Iskenderun's Mystic Bla  Conj/Tloc      1%         2d3       90%         4


Dungeon Overview and Level Annotations

Branches:
Dungeon (4/15)             Temple (0/1) D:4

Altars:
Trog
The Shining One


Innate Abilities, Weirdness & Mutations

Your plain brown scales are hard. (AC +5)
You cannot fit into any form of body armour.
You are cold-blooded and may be slowed by cold attacks.


Message History

You start resting.
HP restored.
You see here an adder corpse.
You hear the quick hiss of a distant avalanche of sand.
Found 12 arrows.
Found a dagger.
Found a stone staircase leading up.
t - a scroll labelled SAKKUCH OSEOVU
Found a stone staircase leading down.
Unknown command.
Drop what? 20/52 slots (_ for help) (? for menu, Esc to quit)
Okay, then.
An orc comes into view. It is wielding a +0 short sword.
The orc shouts!
You hear a shout!
An orc and an orc priest come into view.
The orc priest calls down the wrath of Beogh upon you.
Beogh smites you! The orc barely misses you. The orc closely misses you.
The orc hits you with a +0 short sword.
The orc priest calls down the wrath of Beogh upon you.
Beogh smites you!
The orc shouts!
The orc priest mumbles some strange prayers to Beogh against you.
Beogh smites you!
* * * LOW HITPOINT WARNING * * *
Found a stone staircase leading up.
An adder comes into view.
The adder hisses angrily.
The adder closely misses you. The adder closely misses you.
There is a stone staircase leading up here.
The adder barely misses you.
You hear the quick hiss of a distant avalanche of sand.
The adder bites you but does no damage. The adder barely misses you.
There is a stone staircase leading up here.
The adder bites you.
* * * LOW HITPOINT WARNING * * *
The orc hits you with a +0 short sword.
You die...

..# ...# ### #.)..
####.## ... ##..#..## ##
#.###.......# #..
#...........#
....####..........#
....#...#........##
..##...@..........## #
......So...........####.
................#....#..
#...............#....#..
#.....#.................
......#..............#..
.......o......8.8.8.###.
...............⌠.⌠......
..............8.>.8....#


You could see an adder and 2 orcs.

Vanquished Creatures
  Ijyb (D:3)
  4 gnolls (D:2)
  7 adders
  An adder skeleton (D:4)
  3 worms
  A dart slug (D:3)
  An orc (D:3)
  6 ball pythons
  5 endoplasms
  3 giant cockroaches
  9 goblins
  5 hobgoblins
  8 jackals
  7 kobolds
  2 quokkas
  3 bats
  2 frilled lizards
  4 rats
72 creatures vanquished.

Notes
Turn   | Place    | Note
-------+----------+-------------------------------------------
     0 | D:1      | MacCMillion the Draconian Venom Mage began the quest for
                  | the Orb.
     0 | D:1      | Reached XP level 1. HP: 14/14 MP: 3/3
   702 | D:1      | Found a faded altar of an unknown god.
   754 | D:1      | Reached XP level 2. HP: 18/20 MP: 3/5
  1496 | D:1      | Reached XP level 3. HP: 26/26 MP: 4/6
  1834 | D:2      | Reached skill level 4 in Poison Magic
  2440 | D:1      | Reached XP level 4. HP: 23/33 MP: 3/7
  2581 | D:1      | Learned a level 2 spell: Poisonous Vapours
  3302 | D:3      | Found a bloodstained altar of Trog.
  3492 | D:3      | Reached XP level 5. HP: 38/38 MP: 3/8
  3797 | D:3      | Reached skill level 5 in Poison Magic
  3979 | D:3      | Found a glowing golden altar of the Shining One.
  4163 | D:3      | Noticed Ijyb
  4163 | D:3      | Paralysed by Ijyb for 6 turns
  4171 | D:3      | Paralysed by Ijyb for 4 turns
  4183 | D:3      | Killed Ijyb
  4519 | D:4      | Found a staircase to the Ecumenical Temple.
  4973 | D:4      | Slain by an orc

Illustrated notes

Levels and vault maps discovered:
D:1:      ncdulo_lavacross, layout_loops_ring, shapermc_ecumenical_altar_gd
D:2:      layout_rooms, hex_intersection
D:3:      minmay_recursive_quarters, layout_basic, tso_metal_star, trog_book,
          uniq_ijyb
D:4:      layout_cave_pools, marbit_many_paths,
          minmay_temple_entry_statues_fountains,
          lightli_ossuary_entry_decrepit_ruins, uniq_menkaure

Skill      XL: |  1  2  3  4  5 |
---------------+----------------+-----
Poison Magic   | 4 5 |  5.5
Transmutations | 2 3 |  3.0
Dodging        | |  1.7
Stealth        | |  1.9
Spellcasting   | |  2.1

Action                   |  1- 3 |  4- 6 || total
-------------------------+-------+-------++-------
Melee: Unarmed           |     3 |       ||     3
       Dagger            |    25 |    39 ||    64
       Tailslap          |     1 |     4 ||     5
       Club              |     1 |       ||     1
 Cast: Sting             |    55 |    75 ||   130
       Poisonous Vapours |       |     2 ||     2
  Use: Scroll            |     2 |     1 ||     3
       Potion            |     1 |       ||     1
Armor: Skin              |    31 |    22 ||    53
Dodge: Dodged            |    60 |    49 ||   109

Table legend: (Time is in decaauts)
 A = Elapsed time spent in this place.
 B = Non-inter-level travel time spent in this place.
 C = Inter-level travel time spent in this place.
 D = Time resting spent in this place.
 E = Time spent auto-exploring this place.
 F = Levels seen in this place.
 G = Mean time per level.
                   A        B        C        D        E       F      G
               +--------+--------+--------+--------+--------+-----+--------+
         Total |   4993 |   4897 |     96 |   2015 |   1563 |   4 | 1248.2 |
       Dungeon |   4993 |   4897 |     96 |   2015 |   1563 |   4 | 1248.2 |
               +--------+--------+--------+--------+--------+-----+--------+

Top non-repeatable levels by time:
     D:1: 2501 daAuts
     D:3: 1312 daAuts
     D:2: 712 daAuts
     D:4: 466 daAuts
